 Dungeon Crawl Stone Soup version 0.16-a0-3326-gb44eaf1 (webtiles) character file.

322 stonewall the Stinger (level 6, -2/42 HPs)
             Began as a Mummy Venom Mage on Dec 27, 2014.
             Was a Follower of Dithmenos.
             Slain by a gnoll
             ... wielding a +0 spear
              (8 damage)
             ... on level 4 of the Dungeon.
             The game lasted 00:05:34 (4929 turns).

stonewall the Stinger (Mummy Venom Mage)            Turns: 4929, Time: 00:05:34

Health: -2/42      AC:  3    Str: 11    XL:     6   Next: 22%
Magic:  8/11       EV: 12    Int: 15    God:    Dithmenos [*.....]
Gold:   176        SH:  0    Dex: 13    Spells: 1 memorised, 9 levels left

rFire  x . .     SeeInvis .     k - +2 dagger (venom)
rCold  + . .     Clarity  .     a - +0 robe
rNeg   + + +     SustAb   .     (no shield)
rPois  ∞         Gourm    .     (no helmet)
rElec  .         Spirit   .     (no cloak)
rCorr  +         Warding  .     (no gloves)
rMut   .         Stasis   .     i - +0 pair of boots
MR     .....                    o - amulet of resist corrosion
Stlth  ++........               (no ring)
                                (no ring)

@: wreathed by umbra, not resistant to hostile enchantments, unstealthy
A: no food or potions, fire vulnerability, restore body, cold resistance 1,
negative energy resistance 3, poison resistance, torment resistance, unbreathing
a: Renounce Religion


You were on level 4 of the Dungeon.
You worshipped Dithmenos.
Dithmenos was aware of your devotion.
You were not hungry.

You visited 1 branch of the dungeon, and saw 4 of its levels.

You collected 176 gold pieces.

Inventory:

Hand weapons
 d - a +0 club
 e - a +0 mace
 k - a +2 dagger of venom (weapon)
Armour
 a - a +0 robe (worn)
 i - a +0 pair of boots (worn)
 l - a +0 shield
Jewellery
 o - an amulet of resist corrosion (around neck)
Magical devices
 p - a wand of random effects (26)
Scrolls
 c - 4 scrolls of magic mapping {unknown}
 f - 2 scrolls of remove curse {unknown}
 g - 3 scrolls of identify {unknown}
 h - a scroll of amnesia {unknown}
 j - a scroll of fog {unknown}
 m - 2 scrolls of recharging {unknown}
 n - a scroll of blinking {unknown}
Books
 b - a Young Poisoner's Handbook

   Spells                             Type                      Level
   a - Sting                          Conjuration/Poison           1
   b - Cure Poison                    Poison                       2
   c - Mephitic Cloud                 Conjuration/Poison/Air       3
   d - Olgreb's Toxic Radiance        Poison                       4
   e - Venom Bolt                     Conjuration/Poison           5


   Skills:
 - Level 0.8 Fighting
 + Level 3.3 Short Blades
 - Level 0.2 Maces & Flails
 - Level 2.5 Dodging
 - Level 1.9 Stealth
 - Level 0.1 Unarmed Combat
 - Level 2.5 Spellcasting
 - Level 0.8 Conjurations
 - Level 3.8 Poison Magic


You had 9 spell levels left.
You knew the following spells:

 Your Spells              Type           Power        Failure   Level  Hunger
a - Sting                 Conj/Pois      #...         10%         1    N/A

Dungeon Overview and Level Annotations

Branches:
Dungeon (4/15)
 Temple: D:4-7

Altars:
Dithmenos
Elyvilon
Gozag
Nemelex Xobeh
Okawaru
Vehumet
The Shining One


Innate Abilities, Weirdness & Mutations

You do not eat or drink.
Your flesh is vulnerable to fire.
Your flesh is cold resistant.
You are immune to negative energy.
Your system is resistant to poisons.
You are immune to unholy pain and torment.
You can survive without breathing.


Message History

Confirm with . or Enter, or press ? or * to list all spells.
Aiming: Sting
Press: ? - help, Shift-Dir - straight line, f/p - gnoll
Aim: a gnoll, wielding a spear (moderately wounded)
The sting hits the gnoll.
The gnoll is poisoned.
The gnoll is heavily wounded.
The gnoll hits you from afar with a spear.
* * * LOW HITPOINT WARNING * * *
The gnoll hits you from afar with a halberd!
* * * LOW HITPOINT WARNING * * *
The gnoll looks more healthy.
Casting: Sting
Confirm with . or Enter, or press ? or * to list all spells.
Aiming: Sting
Press: ? - help, Shift-Dir - straight line, f/p - gnoll
Aim: a gnoll, wielding a spear (severely wounded)
The sting hits the gnoll.
The gnoll is poisoned.
The gnoll is almost dead.
The gnoll hits you from afar with a spear!
You die...

....g......# ##....#######..#...
.#....g..#.####......#......##..)
.#....g..#..........(..####.##...
.....#...###..).....!..####.###..
.#######..##.##.g....####...# ##.
## ##..#....g...####..######. #
###.#....g................
########.....[##.#.####.########.
.........##....#@#.# #.########.
#######......#...#.####.##.....#.
.#####...........................
..##........#########............
...#.######## #............
..†..# #............ .#...#
#...........( .##..#
####......... .#...# #.........


You could see 3 gnolls.

Vanquished Creatures
  A gnoll shaman (D:4)
  An iguana (D:3)
  A hound (D:4)
  A giant frog skeleton (D:3)
  A gnoll (D:4)
  8 adders
  A giant mite (D:2)
  3 worms
  An adder skeleton (D:4)
  3 giant geckos
  4 oozes
  3 orcs
  8 bats
  6 giant cockroaches
  5 hobgoblins
  5 jackals (D:1)
  11 kobolds
  2 ball pythons (D:4)
  5 giant newts
  10 goblins
  A quokka (D:2)
  15 rats
96 creatures vanquished.

Notes
Turn   | Place    | Note
--------------------------------------------------------------
     0 | D:1      | stonewall, the Mummy Venom Mage, began the quest for the Orb.
     0 | D:1      | Reached XP level 1. HP: 13/13 MP: 3/3
   254 | D:1      | Reached XP level 2. HP: 14/19 MP: 0/4
  1159 | D:1      | Reached XP level 3. HP: 5/24 MP: 0/6
  2085 | D:2      | Reached XP level 4. HP: 23/31 MP: 4/8
  2973 | D:3      | Found a shadowy altar of Dithmenos.
  2974 | D:3      | Found a white marble altar of Elyvilon.
  3032 | D:3      | Became a worshipper of Dithmenos the Shadowed
  3076 | D:3      | Found a radiant altar of Vehumet.
  3094 | D:3      | Reached skill level 1 in Short Blades
  3094 | D:3      | Reached XP level 5. HP: 24/36 MP: 9/9
  3609 | D:3      | Found a glowing golden altar of the Shining One.
  4386 | D:4      | Found an iron altar of Okawaru.
  4412 | D:4      | Reached XP level 6. HP: 7/42 MP: 11/11
  4855 | D:4      | Found an opulent altar of Gozag.
  4856 | D:4      | Found a sparkling altar of Nemelex Xobeh.
  4929 | D:4      | Slain by a gnoll

Action                   |  1- 3 |  4- 6 || total
-------------------------+-------+-------++-------
Melee: Unarmed           |    11 |       ||    11
       Club              |    56 |       ||    56
       Mace              |    17 |    41 ||    58
       Dagger            |       |   132 ||   132
 Cast: Sting             |    53 |    30 ||    83
 Stab: Sleeping          |     3 |     3 ||     6
